Map: Tours du crépuscule

Players

Worming

  • Race: Zerg Zerg
  • League: Diamond

Controlux - Winner!

  • Race: Zerg Zerg
  • League: Diamond

VOD

Have the link to the VOD?

Description

Time

  • Played on: Nov. 13, 2015, 5:37 p.m.
  • Length: 7:41
Show
View Real Time Build Order
Export as new Build Order

Worming Zerg 

Build Orders: Pool First 

Get SALT Encoding   

  12  0:01  Drone  
  13  0:14  Overlord  
  13  0:17  Drone  
  14  0:34  Drone x2  
  16  0:39  Drone  
  17  0:49  Drone, Spawning Pool  
  17  0:57  Drone  
  18  1:13  Hatchery  
  18  1:15  Drone  
  18  1:18  Drone  
  19  1:29  Overlord  
  19  1:35  Extractor  
  19  1:37  Queen  
  20  1:40  Zergling x2  
  21  1:53  Zergling x2  
  22  2:04  Drone  
  23  2:12  Queen  
  25  2:15  Roach Warren  
  25  2:18  Drone  
  25  2:28  Drone  
  26  2:40  Metabolic Boost  
  25  2:46  Drone x2  
  25  2:47  Drone x3  
  25  2:48  Drone x2  
  32  2:52  Overlord  
  32  2:58  Roach  
  33  3:00  Roach  
  35  3:13  Roach  
  37  3:22  Roach  
  37  3:24  Overlord  
  37  3:25  Zergling x8  
  43  3:45  Drone x5  
  48  3:53  Drone  
  48  3:54  Drone x2  
  51  4:05  Lair  
  51  4:08  Evolution Chamber  
  51  4:09  Extractor  
  49  4:10  Overlord x2  
  49  4:11  Extractor  
  49  4:13  Drone x3  
  51  4:28  Drone, Overlord  
  51  4:30  Drone x5  
  57  4:32  Extractor  
  57  4:37  Zerg Missile Weapons Level 1  
  56  4:46  Queen  
  56  4:48  Drone  
  56  4:50  Drone  
  56  4:51  Hatchery  
  56  5:01  Drone  
  56  5:02  Glial Reconstitution  
  57  5:09  Overlord  
  57  5:10  Overlord  
  57  5:13  Roach x2  
  57  5:14  Roach x2  
  65  5:22  Evolution Chamber  
  65  5:25  Spire  
  63  5:36  Roach  
  63  5:37  Roach x4  
  73  5:43  Overlord  
  59  6:01  Roach  
  59  6:02  Roach x4  
  64  6:19  Drone x9  
  69  6:41  Mutalisk  
  69  6:42  Mutalisk x3  
  69  6:59  Hatchery  
  69  7:00  Roach  
  69  7:01  Roach x4  
  78  7:12  Zergling x4  
Show
View Real Time Build Order
Export as new Build Order

Controlux Zerg - Winner!

Build Orders: Hatch First 

Get SALT Encoding   

  12  0:01  Drone  
  13  0:14  Overlord  
  13  0:17  Drone  
  14  0:32  Drone x2  
  16  0:36  Drone  
  17  0:53  Hatchery  
  17  0:55  Drone  
  17  0:59  Drone  
  18  1:12  Spawning Pool  
  18  1:16  Drone  
  18  1:20  Drone  
  18  1:23  Extractor  
  18  1:29  Drone  
  19  1:40  Overlord  
  19  1:54  Drone  
  20  1:59  Queen  
  22  2:03  Zergling x2  
  22  2:05  Queen  
  22  2:06  Drone  
  26  2:17  Zergling x2  
  26  2:21  Zergling x2  
  28  2:24  Spine Crawler  
  28  2:25  Metabolic Boost  
  28  2:28  Zergling x4  
  30  2:44  Evolution Chamber  
  29  2:54  Drone  
  29  2:55  Overlord  
  30  3:02  Drone x4  
  34  3:06  Drone  
  34  3:09  Drone  
  34  3:10  Zerg Melee Weapons Level 1  
  34  3:11  Overlord x2  
  36  3:28  Drone x5  
  36  3:34  Baneling Nest  
  40  3:57  Zergling x18  
  49  4:08  Extractor  
  48  4:16  Zergling x10  
  52  4:24  Overlord  
  52  4:32  Lair  
  52  4:33  Drone x2, Extractor x2  
  52  4:34  Drone x3  
  55  4:55  Drone x3  
  54  5:02  Drone  
  54  5:03  Drone x4  
  54  5:06  Drone x2  
  61  5:12  Overlord  
  61  5:13  Zerg Ground Armor Level 1  
  61  5:18  Baneling x2  
  61  5:25  Drone  
  61  5:26  Zergling x4  
  64  5:40  Drone x2, Hatchery  
  63  5:50  Spire  
  63  5:52  Zergling x14  
  65  5:59  Zergling x6  
  66  6:06  Zergling x8  
  70  6:16  Zergling x2  
  67  6:37  Overlord x2  
  64  6:47  Overlord x2  
  61  7:01  Queen  
  60  7:03  Mutalisk x6  
  60  7:04  Mutalisk x3  
  78  7:13  Drone x6  
  84  7:19  Zergling x2  
  85  7:23  Zergling x2  
Tags
 
Add a new tag
Caveats
  • Supply blocks, unpowered buildings, or Contaminate may cause inaccurate times.
  • Supply counts are checked every 10 seconds.